General information
- name: BNet
- type: Ladder team game (AT/RT)
- host: Battle.net
- saver: BEATITBEATIT
map: Deadlock
- players: 8
- length: 52:23
- speed: Fast
- version: 1.28 W3XP
- replay type: Public
» download(293 KB)
Players
team 1 (loser)

»
Jatski (
teal | 68 APM | 2372 actions | 34:53)
6 Archmage
2 Summon Water Elemental
2 Brilliance Aura
1 Blizzard
1 Mass Teleport
» actions
| Assign group hotkey | 91 | |
| Basic commands | 116 | |
| Build / train | 63 | |
| ESC pressed | 9 | |
| Enter build submenu | 37 | |
| Enter hero's abilities submenu | 6 | |
| Remove unit from queue | 3 | |
| Right click | 1340 | |
| Select / deselect | 517 | |
| Select group hotkey | 86 | |
| Use ability | 104 | |
2372 total
» units
| Peasant | 13 | |
| Footman | 4 | |
| Knight | 5 | |
| Mortar Team | 3 | |
25 total
» upgrades
» buildings
| Altar of Kings | 1 | |
| Barracks | 2 | |
| Farm | 10 | |
| Keep | 1 | |
| Town Hall | 3 | |
| Lumber Mill | 1 | |
| Arcane Vault | 1 | |
| Castle | 1 | |
| Blacksmith | 1 | |
| Guard Tower | 4 | |
| Scout Tower | 10 | |
| Arcane Tower | 4 | |
| Workshop | 1 | |
40 total
» build order
00:12 Altar of Kings
00:22 Barracks
00:26 Farm
01:10 Farm
02:38 Farm
02:39 Farm
03:15 Keep
04:10 Town Hall
04:21 Lumber Mill
04:37 Arcane Vault
05:39 Castle
05:51 Barracks
06:21 Blacksmith
07:19 Guard Tower
07:24 Guard Tower
07:48 Town Hall
09:32 Scout Tower
09:33 Scout Tower
09:36 Scout Tower
09:40 Town Hall
09:49 Farm
09:53 Farm
10:37 Arcane Tower
10:38 Guard Tower
10:47 Scout Tower
11:04 Scout Tower
11:06 Scout Tower
11:08 Scout Tower
12:28 Arcane Tower
12:58 Farm
13:01 Farm
13:21 Guard Tower
13:51 Farm
13:58 Workshop
14:51 Arcane Tower
14:57 Arcane Tower
15:16 Farm
16:15 Scout Tower
16:19 Scout Tower
16:23 Scout Tower
» items
| Ivory Tower | 7 | |
| Dust of Appearance | 2 | |
| Potion of Lesser Invulnerability | 1 | |
| Scroll of Protection | 2 | |
| Orb of Fire | 1 | |
| Potion of Healing | 3 | |
| Scroll of Town Portal | 1 | |
| Scroll of Regeneration | 1 | |
18 total
LookingFor (
orange | 34 APM | 1797 actions | 52:21)
1 Archmage
1 Blizzard
» actions
| Assign group hotkey | 26 | |
| Basic commands | 548 | |
| Build / train | 55 | |
| ESC pressed | 14 | |
| Enter build submenu | 27 | |
| Enter hero's abilities submenu | 1 | |
| Right click | 485 | |
| Select / deselect | 329 | |
| Select group hotkey | 196 | |
| Use ability | 116 | |
1797 total
» units
| Peasant | 7 | |
| Rifleman | 20 | |
| Mortar Team | 4 | |
31 total
» upgrades
» buildings
| Barracks | 1 | |
| Farm | 17 | |
| Blacksmith | 1 | |
| Altar of Kings | 1 | |
| Keep | 1 | |
| Workshop | 1 | |
22 total
» build order
00:20 Barracks
00:24 Farm
00:29 Blacksmith
01:19 Altar of Kings
02:05 Farm
03:01 Farm
03:13 Farm
03:55 Farm
04:47 Farm
05:52 Farm
06:10 Farm
06:48 Farm
07:19 Farm
07:29 Farm
07:55 Farm
07:57 Farm
07:58 Farm
07:59 Farm
08:24 Keep
09:38 Farm
09:54 Farm
10:46 Workshop
» items
| Lesser Clarity Potion | 3 | |
| Scroll of Regeneration | 4 | |
7 total
istillownavcr (
blue | 28 APM | 959 actions | 34:43)
6 Paladin
3 Devotion Aura
1 Holy Light
2 Divine Shield
3 Goblin Alchemist
2 Healing Spray
1 Chemical Rage
» actions
| Basic commands | 33 | |
| Build / train | 62 | |
| Enter build submenu | 49 | |
| Enter hero's abilities submenu | 8 | |
| Right click | 421 | |
| Select / deselect | 293 | |
| Use ability | 93 | |
959 total
» units
| Peasant | 13 | |
| Rifleman | 12 | |
| Priest | 1 | |
| Sorceress | 2 | |
| Dragonhawk Rider | 1 | |
29 total
» upgrades
| Gunpowder | 1 | |
| Armor | 1 | |
| Sorceress Training | 1 | |
| Priest Training | 1 | |
| Lumber Harvesting | 1 | |
5 total
» buildings
| Altar of Kings | 1 | |
| Farm | 9 | |
| Barracks | 4 | |
| Lumber Mill | 1 | |
| Blacksmith | 1 | |
| Arcane Vault | 2 | |
| Scout Tower | 17 | |
| Town Hall | 5 | |
| Guard Tower | 9 | |
| Keep | 1 | |
| Arcane Sanctum | 2 | |
| Gryphon Aviary | 2 | |
54 total
» build order
00:05 Altar of Kings
00:07 Farm
00:50 Barracks
01:18 Lumber Mill
01:25 Farm
01:56 Blacksmith
03:14 Farm
03:37 Arcane Vault
04:11 Farm
04:48 Scout Tower
06:08 Town Hall
06:18 Guard Tower
07:11 Keep
08:06 Farm
08:11 Farm
08:49 Farm
08:52 Farm
09:27 Barracks
10:35 Arcane Sanctum
10:38 Arcane Sanctum
12:30 Scout Tower
12:32 Scout Tower
12:59 Guard Tower
13:01 Scout Tower
13:03 Guard Tower
13:06 Scout Tower
13:30 Guard Tower
13:38 Guard Tower
13:43 Scout Tower
15:02 Scout Tower
15:14 Guard Tower
15:19 Scout Tower
15:38 Guard Tower
15:49 Scout Tower
15:52 Scout Tower
17:36 Farm
21:03 Barracks
21:06 Barracks
21:53 Scout Tower
21:56 Scout Tower
21:59 Scout Tower
22:18 Town Hall
22:26 Guard Tower
24:33 Scout Tower
24:35 Scout Tower
25:11 Guard Tower
25:46 Town Hall
28:28 Town Hall
30:45 Gryphon Aviary
30:47 Gryphon Aviary
31:43 Town Hall
32:48 Arcane Vault
32:55 Scout Tower
32:57 Scout Tower
» items
| Scroll of Regeneration | 3 | |
| Scroll of Town Portal | 4 | |
7 total

»
vespadomar (
red | 29 APM | 486 actions | 16:41)
2 Blood Mage
1 Flame Strike
1 Siphon Mana
» actions
| Basic commands | 1 | |
| Build / train | 44 | |
| Enter build submenu | 32 | |
| Enter hero's abilities submenu | 2 | |
| Right click | 213 | |
| Select / deselect | 154 | |
| Use ability | 40 | |
486 total
» units
| Peasant | 15 | |
| Footman | 8 | |
| Spell Breaker | 2 | |
25 total
» upgrades
| Lumber Harvesting | 1 | |
| Swords | 1 | |
| Plating | 1 | |
| Magic Sentry | 1 | |
| Masonry | 1 | |
5 total
» buildings
| Farm | 15 | |
| Altar of Kings | 1 | |
| Barracks | 1 | |
| Lumber Mill | 1 | |
| Scout Tower | 8 | |
| Keep | 1 | |
| Guard Tower | 5 | |
| Arcane Tower | 1 | |
| Blacksmith | 1 | |
| Arcane Sanctum | 3 | |
| Arcane Vault | 1 | |
| Castle | 1 | |
39 total
» build order
01:31 Farm
01:45 Altar of Kings
02:01 Barracks
02:18 Farm
02:58 Lumber Mill
03:04 Farm
03:58 Farm
04:44 Farm
05:22 Scout Tower
05:31 Farm
05:40 Keep
05:53 Guard Tower
06:04 Scout Tower
06:18 Farm
06:44 Arcane Tower
06:52 Farm
06:59 Farm
07:07 Farm
07:40 Scout Tower
07:56 Blacksmith
08:10 Arcane Sanctum
08:17 Arcane Sanctum
08:24 Arcane Sanctum
08:29 Guard Tower
08:35 Farm
08:45 Scout Tower
10:01 Arcane Vault
10:07 Guard Tower
10:17 Farm
10:36 Castle
11:09 Farm
11:14 Farm
11:20 Farm
11:29 Scout Tower
11:59 Guard Tower
12:15 Scout Tower
12:20 Scout Tower
12:48 Guard Tower
12:53 Scout Tower
» items
| Lesser Clarity Potion | 2 | |
| Scroll of Regeneration | 1 | |
3 total
team 2 (winner)
BEATITBEATIT (
pink | 47 APM | 2464 actions | 52:23)
4 Paladin
2 Divine Shield
2 Holy Light
» actions
| Assign group hotkey | 30 | |
| Basic commands | 390 | |
| Build / train | 115 | |
| Enter build submenu | 72 | |
| Enter hero's abilities submenu | 4 | |
| Remove unit from queue | 5 | |
| Right click | 635 | |
| Select / deselect | 615 | |
| Select group hotkey | 448 | |
| Use ability | 150 | |
2464 total
» units
| Peasant | 19 | |
| Siege Engine | 6 | |
| Mortar Team | 13 | |
| Gryphon Rider | 8 | |
46 total
» upgrades
| Gunpowder | 3 | |
| Plating | 3 | |
| Lumber Harvesting | 2 | |
| Barrage | 1 | |
| Masonry | 3 | |
| Fragmentation Shards | 1 | |
| Flare | 1 | |
| Armor | 3 | |
| Flak Cannons | 1 | |
| Flying Machine Bombs | 1 | |
| Swords | 3 | |
| Storm Hammers | 1 | |
| Animal War Training | 1 | |
| Cloud | 1 | |
25 total
» buildings
| Scout Tower | 46 | |
| Lumber Mill | 2 | |
| Arcane Tower | 1 | |
| Farm | 11 | |
| Keep | 3 | |
| Altar of Kings | 1 | |
| Blacksmith | 2 | |
| Arcane Vault | 3 | |
| Castle | 1 | |
| Workshop | 3 | |
| Town Hall | 6 | |
| Guard Tower | 15 | |
| Gryphon Aviary | 4 | |
| Barracks | 1 | |
99 total
» build order
04:20 Scout Tower
04:24 Lumber Mill
04:49 Arcane Tower
05:04 Farm
05:43 Farm
07:51 Keep
07:51 Keep
08:22 Altar of Kings
08:26 Blacksmith
08:29 Blacksmith
08:35 Arcane Vault
08:39 Farm
08:39 Farm
08:56 Farm
08:56 Farm
08:57 Farm
08:58 Farm
09:03 Farm
09:04 Farm
10:12 Castle
10:27 Workshop
10:28 Workshop
10:29 Workshop
11:52 Town Hall
11:55 Scout Tower
11:56 Scout Tower
11:58 Scout Tower
11:58 Scout Tower
14:54 Town Hall
17:19 Guard Tower
21:02 Scout Tower
21:03 Scout Tower
21:04 Scout Tower
21:05 Scout Tower
21:06 Scout Tower
21:07 Scout Tower
21:09 Scout Tower
21:09 Scout Tower
21:11 Scout Tower
21:11 Scout Tower
21:11 Scout Tower
21:12 Scout Tower
21:12 Scout Tower
22:00 Guard Tower
22:47 Guard Tower
23:39 Town Hall
25:37 Town Hall
25:40 Scout Tower
25:41 Scout Tower
25:41 Scout Tower
25:41 Scout Tower
25:42 Scout Tower
25:43 Scout Tower
25:43 Scout Tower
25:43 Scout Tower
25:44 Scout Tower
25:44 Scout Tower
25:45 Scout Tower
25:46 Scout Tower
25:51 Arcane Vault
27:10 Guard Tower
27:13 Guard Tower
27:20 Scout Tower
27:21 Scout Tower
27:22 Scout Tower
27:23 Scout Tower
27:28 Scout Tower
27:51 Guard Tower
27:51 Guard Tower
27:51 Guard Tower
27:54 Guard Tower
27:55 Guard Tower
28:21 Scout Tower
28:24 Scout Tower
28:26 Scout Tower
28:28 Scout Tower
28:30 Arcane Vault
28:32 Scout Tower
28:56 Guard Tower
28:56 Guard Tower
29:20 Guard Tower
29:38 Scout Tower
29:38 Scout Tower
29:39 Scout Tower
29:39 Scout Tower
29:41 Scout Tower
29:42 Scout Tower
30:26 Guard Tower
30:30 Gryphon Aviary
30:32 Gryphon Aviary
30:35 Gryphon Aviary
30:42 Gryphon Aviary
30:56 Barracks
32:38 Lumber Mill
36:10 Farm
43:15 Town Hall
43:22 Town Hall
» items
| Boots of Speed | 1 | |
| Staff of Teleportation | 1 | |
| Healing Salve | 1 | |
| Scroll of Town Portal | 9 | |
| Potion of Invisibility | 1 | |
| Scroll of Regeneration | 1 | |
14 total
DepthCharge (
yellow | 95 APM | 4954 actions | 52:21)
6 Blademaster
3 Wind Walk
2 Critical Strike
1 Bladestorm
» actions
| Assign group hotkey | 32 | |
| Basic commands | 158 | |
| Build / train | 116 | |
| ESC pressed | 2 | |
| Enter build submenu | 62 | |
| Enter hero's abilities submenu | 6 | |
| Give item / drop item | 2 | |
| Right click | 1947 | |
| Select / deselect | 823 | |
| Select group hotkey | 1658 | |
| Use ability | 148 | |
4954 total
» units
| Peon | 14 | |
| Grunt | 15 | |
| Demolisher | 12 | |
| Troll Headhunter/Berserker | 15 | |
56 total
» upgrades
| Pillage | 1 | |
| Melee Weapons | 2 | |
| Armor | 3 | |
| Ranged Weapons | 3 | |
| Berserker Strength | 1 | |
| Burning Oil | 1 | |
| Berserker Upgrade | 1 | |
| Reinforced Defenses | 1 | |
13 total
» buildings
| Barracks | 2 | |
| Altar of Storms | 5 | |
| Orc Burrow | 17 | |
| Voodoo Lounge | 1 | |
| Great Hall | 2 | |
| War Mill | 1 | |
| Stronghold | 4 | |
| Fortress | 4 | |
| Watch Tower | 32 | |
68 total
» build order
00:56 Barracks
01:11 Altar of Storms
01:14 Orc Burrow
02:20 Orc Burrow
02:55 Voodoo Lounge
04:51 Great Hall
05:17 Orc Burrow
05:27 War Mill
08:42 Stronghold
09:02 Orc Burrow
09:04 Orc Burrow
10:04 Barracks
10:17 Orc Burrow
11:31 Fortress
11:31 Fortress
13:41 Orc Burrow
21:13 Great Hall
21:16 Altar of Storms
21:18 Orc Burrow
21:20 Orc Burrow
21:22 Orc Burrow
21:23 Orc Burrow
21:26 Orc Burrow
21:29 Orc Burrow
22:29 Watch Tower
22:31 Watch Tower
22:33 Watch Tower
22:36 Watch Tower
24:33 Orc Burrow
28:16 Altar of Storms
28:38 Altar of Storms
28:59 Altar of Storms
29:03 Watch Tower
29:07 Watch Tower
29:13 Orc Burrow
29:42 Watch Tower
29:46 Watch Tower
29:49 Watch Tower
29:51 Watch Tower
29:54 Watch Tower
29:56 Watch Tower
30:05 Orc Burrow
30:09 Watch Tower
30:10 Stronghold
30:11 Stronghold
30:13 Watch Tower
30:16 Watch Tower
30:19 Watch Tower
30:26 Watch Tower
30:29 Watch Tower
30:34 Watch Tower
30:50 Watch Tower
30:56 Orc Burrow
31:22 Watch Tower
32:05 Watch Tower
32:10 Watch Tower
32:12 Watch Tower
32:16 Watch Tower
32:21 Watch Tower
32:22 Watch Tower
32:24 Watch Tower
32:26 Watch Tower
32:30 Watch Tower
34:53 Watch Tower
35:06 Fortress
35:06 Fortress
35:11 Watch Tower
» items
| Healing Salve | 4 | |
| Lesser Clarity Potion | 9 | |
| Scroll of Speed | 2 | |
| Boots of Speed | 1 | |
| Staff of Teleportation | 1 | |
| Potion of Lesser Invulnerability | 1 | |
18 total
kevinnash (
purple | 35 APM | 1856 actions | 52:21)
3 Death Knight
2 Death Coil
1 Unholy Aura
1 Dark Ranger
1 Black Arrow
2 Pandaren Brewmaster
1 Drunken Haze
1 Drunken Brawler
» actions
| Basic commands | 269 | |
| Build / train | 98 | |
| Enter build submenu | 32 | |
| Enter hero's abilities submenu | 6 | |
| Give item / drop item | 3 | |
| Remove unit from queue | 4 | |
| Right click | 761 | |
| Select / deselect | 573 | |
| Use ability | 110 | |
1856 total
» units
| Acolyte | 7 | |
| Ghoul | 19 | |
| Crypt Fiend | 3 | |
| Gargoyle | 24 | |
| Necromancer | 3 | |
| Banshee | 3 | |
| Abomination | 4 | |
| Meatwagon | 2 | |
65 total
» upgrades
| Unholy Armor | 1 | |
| Cannibalize | 1 | |
| Web | 1 | |
| Ghoul Frenzy | 1 | |
| Stone Form | 1 | |
| Banshee Training | 2 | |
| Skeletal Mastery | 1 | |
| Disease Cloud | 0 | |
8 total
» buildings
| Altar of Darkness | 1 | |
| Crypt | 2 | |
| Ziggurat | 12 | |
| Tomb of Relics | 1 | |
| Graveyard | 1 | |
| Nerubian Tower | 1 | |
| Spirit Tower | 3 | |
| Halls of the Dead | 1 | |
| Black Citadel | 1 | |
| Temple of the Damned | 3 | |
| Slaughterhouse | 1 | |
| Necropolis | 1 | |
28 total
» build order
00:10 Altar of Darkness
00:16 Crypt
00:37 Ziggurat
01:01 Tomb of Relics
01:40 Graveyard
01:54 Nerubian Tower
02:18 Ziggurat
03:22 Spirit Tower
05:14 Crypt
05:16 Halls of the Dead
05:24 Ziggurat
05:26 Ziggurat
06:19 Spirit Tower
08:18 Ziggurat
08:21 Ziggurat
08:29 Black Citadel
10:15 Spirit Tower
13:17 Temple of the Damned
13:19 Temple of the Damned
13:21 Temple of the Damned
19:18 Ziggurat
20:02 Ziggurat
20:05 Slaughterhouse
33:21 Ziggurat
33:23 Ziggurat
33:24 Ziggurat
33:27 Ziggurat
33:38 Necropolis
» items
| Rod of Necromancy | 2 | |
| Orb of Corruption | 1 | |
| Scroll of Town Portal | 1 | |
| Potion of Healing | 1 | |
5 total
|c00000000NlGER (
green | 27 APM | 1345 actions | 50:32)
5 Mountain King
3 Storm Bolt
2 Bash
2 Archmage
1 Brilliance Aura
1 Blizzard
» actions
| Basic commands | 136 | |
| Build / train | 83 | |
| Enter build submenu | 38 | |
| Enter hero's abilities submenu | 7 | |
| Right click | 504 | |
| Select / deselect | 505 | |
| Use ability | 72 | |
1345 total
» units
| Peasant | 21 | |
| Rifleman | 10 | |
| Sorceress | 3 | |
| Priest | 4 | |
| Footman | 1 | |
| Gryphon Rider | 5 | |
44 total
» upgrades
| Gunpowder | 2 | |
| Armor | 2 | |
| Lumber Harvesting | 1 | |
| Priest Training | 2 | |
| Sorceress Training | 1 | |
| Swords | 3 | |
| Storm Hammers | 1 | |
| Masonry | 1 | |
13 total
» buildings
| Altar of Kings | 3 | |
| Farm | 13 | |
| Lumber Mill | 1 | |
| Scout Tower | 3 | |
| Arcane Tower | 1 | |
| Blacksmith | 1 | |
| Barracks | 2 | |
| Guard Tower | 2 | |
| Arcane Vault | 1 | |
| Town Hall | 3 | |
| Keep | 1 | |
| Arcane Sanctum | 2 | |
| Castle | 1 | |
| Gryphon Aviary | 5 | |
39 total
» build order
01:35 Altar of Kings
01:41 Altar of Kings
01:44 Farm
01:51 Lumber Mill
02:21 Farm
02:40 Scout Tower
03:13 Arcane Tower
03:46 Blacksmith
04:40 Farm
05:18 Barracks
05:21 Barracks
05:27 Farm
06:11 Scout Tower
06:44 Guard Tower
06:47 Scout Tower
07:29 Guard Tower
07:41 Arcane Vault
08:29 Farm
09:17 Town Hall
09:25 Farm
10:16 Farm
10:19 Keep
11:45 Farm
12:17 Farm
12:31 Farm
12:52 Arcane Sanctum
13:08 Arcane Sanctum
14:46 Farm
14:50 Farm
15:45 Farm
23:13 Altar of Kings
24:46 Castle
25:23 Gryphon Aviary
25:24 Gryphon Aviary
25:26 Gryphon Aviary
25:45 Town Hall
26:06 Gryphon Aviary
26:55 Gryphon Aviary
29:09 Town Hall
» items
| Scroll of Regeneration | 2 | |
| Potion of Mana | 2 | |
| Potion of Healing | 2 | |
| Scroll of Town Portal | 5 | |
| Orb of Fire | 1 | |
12 total
Chat log
(00:21 / Allies) BEATITBEATIT: lawl
(00:29 / Allies) kevinnash: lynch squad
(00:46 / Allies) BEATITBEATIT: pretend you're afk
(00:46 / Allies) DepthCharge: bomb squad
(01:00 / Allies) DepthCharge: anti-terrorist
(01:03 / Allies) DepthCharge: i am about to get COD
(01:05 / Allies) DepthCharge: just getting it
(01:07 / Allies) DepthCharge: right now
(01:23 / Allies) DepthCharge: fuck been on this fucking map all day
(01:29 / Allies) DepthCharge: big map small map
(01:31 / Allies) BEATITBEATIT: Hollywood Hogan up in dis bitch
(02:47 / Allies) DepthCharge: this shit is not winnable
(02:55 / Allies) BEATITBEATIT: lol you two were afk so I stopped playing
(03:01 / Allies) kevinnash: sure it is
(03:05 / Allies) kevinnash: all go melee and rush
(03:06 / Allies) DepthCharge: what do you mean
(03:08 / Allies) DepthCharge: takes a sec to load
(03:20 / Allies) BEATITBEATIT: you were afk for at least 20 seconds and other guy 1 minute
(03:29 / Allies) DepthCharge: you have a stopwatch now?
(03:35 / Allies) BEATITBEATIT: It's my big brain
(03:59 / Allies) |c00000000NlGER: taking pinks mine
(04:07 / Allies) |c00000000NlGER: unless someon wants it
(04:18 / Allies) DepthCharge: why would you take his mine if he's here
(04:25 / Allies) DepthCharge: and what the fuck are you
(04:29 / Allies) |c00000000NlGER: hes fucking with all
(05:12 / Allies) BEATITBEATIT: teching to tanks
(06:03 / Allies) DepthCharge: hurry up pink
(06:08 / Allies) DepthCharge: or you're roast
(06:10 / Allies) DepthCharge: i mean toast
(06:13 / Allies) BEATITBEATIT: gonna need lumbers
(06:47 / Allies) DepthCharge: i am attacking idgaf
(07:30 / Allies) BEATITBEATIT: kill his towers
(07:36 / Allies) BEATITBEATIT: before they finish
(15:48 / All) LookingFor: lolllllllllllllllll
(15:50 / All) LookingFor: JIJIJIJIJIJ
(16:00 / All) LookingFor: IJIJIJIJIIJIJ
(16:00 / All) DepthCharge: what are you hoes doing
(16:03 / All) LookingFor: I TKKKKKKKK GUYSSSSSSSSSSS
(16:07 / All) LookingFor: JIJIJIJIJIJ
(16:16 / All) LookingFor: JJIJIJIJIJIJIJIJIJ
(17:08 / All) BEATITBEATIT: lol
(17:11 / All) BEATITBEATIT: two tking teal
(17:19 / All) DepthCharge: teal sucks
(17:21 / All) LookingFor: JIJIJIJIJIJIJIJIJ
(17:23 / All) LookingFor: I TKKKKKKKK
(17:29 / All) LookingFor: JIJIJIJIJIJ
(18:35 / All) BEATITBEATIT: what were you doing in my base green lol
(19:30 / Allies) |c00000000NlGER: backstabbing shit
(20:03 / Allies) DepthCharge: wtf is this dumb nigga doin
(20:06 / Allies) DepthCharge: purple r u dumb
(20:18 / All) BEATITBEATIT: NWO WOLF PAC
(20:19 / All) kevinnash: wooo the jack knife
(20:27 / All) LookingFor: IJIJIJIJIJIJI
(20:29 / All) LookingFor: I TKKKKKKK+
(20:31 / All) LookingFor: GUYSSSSSSSSSSSS
(20:33 / All) LookingFor: JIJIJIJIIJ
(20:36 / All) DepthCharge: are you learning your pokemon
(20:37 / All) LookingFor: I LOVEEEEEEEEEEEEEE
(20:39 / All) LookingFor: TKKKKKKKKKKKKKK
(20:41 / All) LookingFor: JIJIJIJIJIJJIJIJI
(20:52 / All) DepthCharge: u fuckers have no idea
(20:57 / Allies) BEATITBEATIT: lumber guys
(21:22 / Allies) BEATITBEATIT: hook me up with lumber angry
(21:40 / Allies) kevinnash: who the fk is angry
(21:46 / Allies) DepthCharge: this isn't ffa
(22:24 / All) kevinnash: who geting that power bomb
(22:35 / All) LookingFor: JIJIJIJIIJ
(22:38 / All) LookingFor: I LOVE TKING
(22:38 / All) LookingFor: GUYS
(23:00 / All) DepthCharge: do you have an extra tit?
(23:05 / All) LookingFor: JIJIJIJIJIIIJ
(23:05 / 8) BEATITBEATIT: kill yellow expo and I'll steal it
(23:09 / All) LookingFor: I LOVEEEEEEEEEEE
(23:11 / All) LookingFor: UUUUUUUUUUUUUUU
(23:12 / All) LookingFor: GUYSSSSSSSSSSS
(23:39 / All) LookingFor: JIJIJIJIJIJIJIJIJIJIJIJ
(23:41 / All) LookingFor: GUYS
(23:44 / All) LookingFor: I LOVEEEEEEEEEEEEEEE
(23:46 / All) LookingFor: TKINGGGGGGGGGGG
(23:48 / All) LookingFor: JIJIJIIIJ
(23:51 / All) kevinnash: so much love
(23:53 / All) LookingFor: IS SO FUNNY
(23:54 / All) LookingFor: JIJIJIJ
(24:12 / All) LookingFor: JIJIJIJIJIJJIJI
(24:32 / All) LookingFor: LOL
(24:36 / All) LookingFor: IIII LOVE THIS GAME
(24:39 / All) LookingFor: HAHAHAHAHAHAHAHAHAH
(24:42 / Allies) BEATITBEATIT: green? why are you tking bro?
(24:46 / All) LookingFor: JIJIJIJIJIJIJ
(24:53 / Allies) |c00000000NlGER: ur boy is
(24:54 / All) kevinnash: green tking
(25:00 / Allies) DepthCharge: LOL
(25:01 / All) LookingFor: GUYS TEAL IS IN SHIT
(25:02 / Allies) DepthCharge: that's green?
(25:07 / Allies) BEATITBEATIT: what did he do
(25:12 / All) LookingFor: GO FINISH THIS
(25:13 / All) LookingFor: JAJAJAJJA
(25:22 / All) LookingFor: GUYS THEY ARE IN SHIT
(25:24 / All) LookingFor: RIGHT NOW
(25:28 / All) LookingFor: FINISH THIS
(25:28 / All) LookingFor: NOW
(25:30 / All) LookingFor: JAJAJAJAJJAJA
(26:38 / All) kevinnash: rofl
(26:46 / All) kevinnash: nice micro
(27:10 / All) DepthCharge: what so you are going to try winning with that?
(27:14 / All) DepthCharge: 1 base?
(27:15 / All) LookingFor: GUYS BLUE IS MAKING AN EXPO
(27:17 / All) LookingFor: CHECK EXPOS
(27:18 / All) LookingFor: GUYS
(27:23 / All) LookingFor: GUYS
(27:27 / All) LookingFor: CHECK EXPOS
(27:41 / 8) BEATITBEATIT: more lumbs
(27:44 / All) LookingFor: GUYSSSSSSSSSSSSS
(27:45 / All) LookingFor: CHECK
(27:46 / All) LookingFor: EXPOS
(27:51 / All) LookingFor: BLUE IS MAKING EXPOS
(27:58 / All) LookingFor: DONT LET THEM EXPO
(28:00 / 8) BEATITBEATIT: tell blue you're tking and ask him to hit top lawl
(28:29 / All) LookingFor: PURP NEXT TO YOU IS BLUE MAKING AN EXPO
(28:31 / All) LookingFor: GO THERE
(28:34 / All) LookingFor: YELLOW SAME
(28:44 / All) LookingFor: NEXT TO PURPS EXPO
(28:50 / Allies) DepthCharge: run pussy
(28:51 / 8) BEATITBEATIT: lawl what a fucking dimwit
(29:01 / All) LookingFor: THANK GO PINK
(29:03 / All) LookingFor: JIJIJIJIJIJI
(29:12 / All) LookingFor: DESTROY IT MENNNNNN
(29:16 / All) LookingFor: YES
(29:17 / All) LookingFor: MEEEEEEEENNN
(29:19 / Allies) |c00000000NlGER: lumber
(29:20 / All) DepthCharge: what are you pussies doing
(29:24 / 8) BEATITBEATIT: tell him you're tking and ask him to hit green
(29:34 / All) LookingFor: PINK DESTROY BLUES BASE
(29:36 / All) DepthCharge: leave
(29:37 / All) LookingFor: WITH THE MORTS
(29:39 / All) LookingFor: FORCE TP
(29:40 / All) LookingFor: DUDE
(29:46 / All) LookingFor: PINK
(29:58 / Allies) BEATITBEATIT: I need help green
(30:06 / All) LookingFor: YELLOW YOU CHECK THE XPOS AN PINK DESTROY BLUE BASE
(30:25 / All) LookingFor: YELLOW TEAL IS TRYING TO MAKE ANOTHER EXPO
(30:37 / All) LookingFor: CHECK THE EXPOS IN THE RIGHT SIDE
(30:39 / All) DepthCharge: who the fuck are you
(30:41 / All) LookingFor: AND KILL THE PEONS
(30:52 / All) LookingFor: I AM A TEAMATE OF BLUE
(30:59 / All) LookingFor: JUST DO WHAT I SAY
(31:04 / All) LookingFor: ASSHOLE AND YOU ARE GOING TO WIN
(31:08 / All) DepthCharge: you can go lick some nuts
(31:20 / 7) BEATITBEATIT: purple and i are tks hit green and yellow
(31:24 / All) LookingFor: THEY PLANING GO NEXT TO GREEN
(31:32 / All) LookingFor: GUYS HIT BLUE BASE NOW
(31:34 / All) DepthCharge: bro leave
(31:37 / All) LookingFor: NO
(31:37 / All) DepthCharge: stop spectating
(31:43 / All) LookingFor: KILL BLUE NOW
(31:44 / All) LookingFor: ASSHOLE
(31:46 / All) kevinnash: get jack knife yellow
(32:05 / All) LookingFor: ITS INCREDIBLE YOU CAN WIN WITH ONLY 1 FUCKING ENEMY
(32:19 / All) LookingFor: GUYS BLUE IS EXPO
(32:24 / All) LookingFor: KILL HIS PEONS NOW
(32:31 / All) LookingFor: TEAL
(32:33 / All) LookingFor: KILL BLUE
(32:34 / All) LookingFor: ASSHOLE
(32:40 / Allies) DepthCharge: wood
(32:48 / All) LookingFor: HE IS EXPO INFRONT OF YOU
(32:52 / All) kevinnash: need some wood yellow?
(33:03 / All) kevinnash: wheres my title shot fuck boy
(33:04 / All) DepthCharge: i already asked
(33:06 / All) LookingFor: GUYS BLUE IS MAKING AA
(33:15 / All) LookingFor: IF YOU DONT KIT NOW YOU WILL LOST
(33:24 / All) LookingFor: GO TO HIT BLUE NOW
(33:28 / All) LookingFor: HE IS MAKING AA
(33:32 / All) LookingFor: NOOOOOOOOOOOOOOWWW
(33:37 / All) DepthCharge: bro please don't obs any game ever
(33:37 / All) LookingFor: HIT NOW
(33:39 / All) LookingFor: IDIOTS
(34:04 / All) DepthCharge: calling people asshole is rude
(34:22 / Allies) BEATITBEATIT: yellow hit that expo
(34:23 / All) LookingFor: GREEN GO TO YOUR BASE BLUE IS MAKING AN EXPO
(34:30 / All) LookingFor: THE RIGHT SIDE
(34:31 / Allies) DepthCharge: which one
(34:42 / All) LookingFor: THERE
(34:43 / All) LookingFor: YELLOW
(34:49 / 8) BEATITBEATIT: let's put these people in a standoff if they stay
(34:56 / 8) BEATITBEATIT: fuck
(35:06 / 5) BEATITBEATIT: stay
(35:09 / 5) BEATITBEATIT: pruple and me tk too
(35:19 / All) LookingFor: LOL
(35:24 / Allies) BEATITBEATIT: lumber plz
(35:37 / All) LookingFor: SO IF I STAY I WIN?
(35:38 / All) LookingFor: THIS?
(35:55 / 5) BEATITBEATIT: green and yellow will prob quit then you can leave if you want the loss
(36:09 / All) LookingFor: SO KILL THEM
(36:12 / All) LookingFor: SO I CAN WIN
(36:14 / All) LookingFor: OR I LEAVE NOW
(36:18 / 5) BEATITBEATIT: I'm massing now
(36:22 / All) LookingFor: OK
(36:35 / All) DepthCharge: yea sometimes this album can you get you worked up
(36:41 / All) DepthCharge: Yes lord
(38:53 / All) BEATITBEATIT: daddy's coming green
(39:32 / All) kevinnash: daddy coming yellow
(39:50 / Allies) DepthCharge: you know you don't level up if you kill ally right?
(41:30 / All) kevinnash: rofl
(41:31 / Allies) DepthCharge: NOOO the reveallllllll l
(41:41 / Allies) DepthCharge: the fuckingggg area of omg
(41:52 / All) kevinnash: i fuck you in the ass while pink beat up the pussy
(42:01 / Allies) DepthCharge: wow
(42:05 / Allies) DepthCharge: i thought i had a sword
(42:16 / Allies) DepthCharge: not a 6 inch dildo
(42:51 / All) kevinnash: get lynch monky
(43:21 / All) kevinnash: wolf pack
(43:31 / All) kevinnash: hogan was the third man
(43:46 / All) BEATITBEATIT: greatest heel turn ever tho
(44:05 / All) kevinnash: holllyyywooooood
(44:30 / All) BEATITBEATIT: your towrs can't keep you safe little man
(44:39 / All) BEATITBEATIT: YOU RAN INTO A FREIGHT TRAIN
(44:43 / All) BEATITBEATIT: BUCKY BOYD IS AN ANIMAL
(45:11 / All) kevinnash: yeah my down stairs is a fucking beast that thing looks like susian bowyl hairy pussy
(45:17 / All) kevinnash: just the clit
(45:36 / All) kevinnash: it wins every thumb wrstle
(45:59 / All) kevinnash: rofl
(46:13 / 5) BEATITBEATIT: we'll just give orange win he's 0-2
(46:38 / 8) BEATITBEATIT: we'll jsut give orange the win he's 0-2
(46:45 / 8) BEATITBEATIT: you got aco? you can just unsummon everything lol
(47:01 / All) kevinnash: wooooo
(48:01 / All) kevinnash: rofl
(48:22 / 8) BEATITBEATIT: yeah clean up with undead is easy as fuck
(48:37 / Allies) DepthCharge: waht the shit you mofos did to my game
(49:08 / All) kevinnash: the drunken wise men
(49:27 / All) kevinnash: what you say about my units u fuck
(49:44 / Allies) DepthCharge: fucking teal is a mh
(49:47 / Allies) DepthCharge: cacsackie
(49:53 / Allies) DepthCharge: ha
(50:44 / All) kevinnash: rofl niggers always quits
(50:53 / All) DepthCharge: loss is a loss
(50:56 / All) DepthCharge: you lost purple
(51:02 / All) DepthCharge: it was your own undoing
(51:18 / All) kevinnash: you think i give a fuq about a win look at my base bae
(51:34 / Allies) DepthCharge: dummy
(51:39 / Allies) DepthCharge: i don't know what the shit this is
(51:41 / Allies) DepthCharge: but you lost
(51:43 / Allies) DepthCharge: at your own hands
(51:56 / All) BEATITBEATIT: good spontaneous stabbing fellas
(51:58 / All) kevinnash: i was the third man dumby
(52:09 / Allies) DepthCharge: what's that
(52:10 / All) kevinnash: pleasure
(52:17 / All) BEATITBEATIT: stabbers are the best teammates!